 Dungeon Crawl Stone Soup version 0.23.2-1-ga50397a6bc (webtiles) character file.

Game seed: 2494359807844951324

163 Gordogan the Chopper (level 5, 0/47 HPs)
             Began as a Hill Orc Fighter on May 4, 2019.
             Slain by a wight
             ... wielding a +0 mace
              (5 damage)
             ... on level 3 of the Dungeon.
             The game lasted 00:17:03 (1512 turns).

Gordogan the Chopper (Hill Orc Fighter)             Turns: 1512, Time: 00:17:03

Health: 0/47       AC:  7    Str: 20    XL:     5   Next: 44%
Magic:  5/5        EV:  7    Int:  8    God:
Gold:   56         SH:  9    Dex: 10    Spells: 4/4 levels left

rFire    . . .     SeeInvis .   a - +1 war axe
rCold    . . .     Gourm    +   c - +0 shield
rNeg     . . .     Faith    .   b - +0 scale mail
rPois    .         Spirit   .   (no helmet)
rElec    .         Reflect  .   (no cloak)
rCorr    .         Harm     .   (no gloves)
MR       .....                  (no boots)
Stlth    ..........             n - amulet of the gourmand
HPRegen  0.15/turn              (no ring)
MPRegen  0.09/turn              (no ring)

@: lightly drained
A: no striking features
a: no special abilities


You were on level 3 of the Dungeon.
You were not hungry.

You visited 1 branch of the dungeon, and saw 3 of its levels.

You collected 56 gold pieces.

Inventory:

Hand Weapons
 a - a +1 war axe (weapon)
Missiles
 i - 65 stones (quivered)
Armour
 b - a +0 scale mail (worn)
 c - a +0 shield (worn)
Jewellery
 n - an amulet of the gourmand (around neck)
Wands
 g - a wand of random effects (27)
 s - a wand of acid (11)
Scrolls
 k - 2 scrolls of remove curse
 r - a scroll of teleportation
Potions
 d - a potion of might
 e - a potion of lignification {unknown}
 j - a potion of heal wounds {unknown}
 l - 2 potions of haste {unknown}
 m - 2 potions of flight {unknown}
 o - 2 potions of cancellation {unknown}
 p - 3 potions of curing {unknown}
 q - a potion of degeneration {unknown}
Comestibles
 f - 4 rations
 h - 2 chunks of flesh


   Skills:
 + Level 4.4(4.2) Fighting
 + Level 5.0(4.8) Axes
 + Level 0.4(0.2) Throwing
 + Level 3.9(3.7) Armour
 + Level 0.5(0.3) Dodging
 + Level 0.1(0.0) Stealth
 + Level 3.9(3.7) Shields


You had 4 spell levels left.
You didn't know any spells.
Your spell library was empty.

Dungeon Overview and Level Annotations

Branches:
Dungeon (3/15)

Altars:
Yredelemnul


Message History

You barely miss the wight.
The wight is almost destroyed.
You closely miss the wight. The wight hits you with a +0 mace.
The wight hits you with a cursed +0 flail.
* * * LOW HITPOINT WARNING * * *
The wight hits you but does no damage.
You hit the wight.
The wight is lightly damaged.
You hit the wight.
You destroy the wight!
Your base Axes skill increases to level 5!
The wight hits you with a +0 mace.
* * * LOW HITPOINT WARNING * * *
You hit the wight but do no damage.
The wight is lightly damaged.
The wight barely misses you.
Your shield prevents you from hitting the wight.
The wight is lightly damaged.
The wight hits you with a +0 mace.
You die...

##########
#####..>.....## ####
............... ..)
######....###.###.######
.........<#
#..รท@)......
######....###>###z#####.
#........# (# #.<.....##
(# ####.#### (# #.####
(# #....# .# ####.# .#
#.#


You could see a wight.

Vanquished Creatures
  2 wights (D:3)
  3 adders (D:2)
  A worm (D:3)
  A dart slug (D:2)
  A leopard gecko (D:2)
  6 bats
  5 giant cockroaches
  3 hobgoblins
  2 jackals (D:1)
  2 quokkas
  6 frilled lizards
  4 goblins
  9 kobolds
  6 rats
51 creatures vanquished.

Notes
Turn   | Place    | Note
-------+----------+-------------------------------------------
     0 | D:1      | Gordogan the Hill Orc Fighter began the quest for the Orb.
     0 | D:1      | Reached XP level 1. HP: 19/19 MP: 1/1
   186 | D:1      | Reached XP level 2. HP: 24/27 MP: 2/2
   561 | D:1      | Reached XP level 3. HP: 33/33 MP: 3/3
   760 | D:2      | Reached skill level 3 in Axes
   901 | D:2      | Found a basalt altar of Yredelemnul.
   960 | D:2      | Found a faded altar of an unknown god.
  1029 | D:2      | Reached XP level 4. HP: 40/40 MP: 4/4
  1197 | D:2      | Reached skill level 4 in Axes
  1500 | D:3      | Reached XP level 5. HP: 35/47 MP: 5/5
  1510 | D:3      | Reached skill level 5 in Axes
  1512 | D:3      | Slain by a wight

Skill      XL: |  1  2  3  4  5 |
---------------+----------------+-----
Fighting       | 4 |  4.4
Axes           | 3 4 5 |  5.0
Throwing       | |  0.4
Armour         | |  3.9
Dodging        | |  0.5
Stealth        | |  0.1
Shields        | |  3.9

Action                   |  1- 3 |  4- 6 || total
-------------------------+-------+-------++-------
Melee: War axe           |   123 |    42 ||   165
Throw: Stone             |    43 |     5 ||    48
  Use: Scroll            |     5 |     1 ||     6
  Eat: Chunk             |     9 |     2 ||    11
Armor: Scale mail        |    51 |    15 ||    66
Dodge: Dodged            |    37 |    11 ||    48
Block: Shield            |    61 |    15 ||    76
